 Dungeon Crawl Stone Soup version 0.20-a0-494-gf50ee04 (webtiles) character file.

216 MirrMurr the Slasher (level 5, 0/47 HPs)
             Began as a Hill Orc Berserker on Jan 18, 2017.
             Was a Believer of Trog.
             Killed by divine providence
             ... invoked by an orc priest
              (11 damage)
             ... on level 3 of the Dungeon.
             The game lasted 00:05:06 (2039 turns).

MirrMurr the Slasher (Hill Orc Berserker)           Turns: 2039, Time: 00:05:07

Health: 0/47       AC:  9    Str: 21    XL:     5   Next: 93%
Magic:  5/5        EV:  8    Int:  7    God:    Trog [**....]
Gold:   113        SH:  0    Dex: 10    Spells: 4/4 levels left

rFire    . . .     SeeInvis .   a - +1 falchion
rCold    . . .     Gourm    .   d - +0 chain mail
rNeg     . . .     Faith    .   (no shield)
rPois    .         Spirit   .   l - +0 hat
rElec    .         Reflect  .   (no cloak)
rCorr    .         Harm     .   (no gloves)
MR       .....                  (no boots)
Stlth    ..........             (no amulet)
Regen    0.2/turn               (no ring)
                                (no ring)

@: no status effects
A: no striking features
a: Berserk, Trog's Hand, Burn Spellbooks, Renounce Religion, Convert to Beogh


You were on level 3 of the Dungeon.
You worshipped Trog.
Trog was pleased with you.
You were not hungry.

You visited 1 branch of the dungeon, and saw 3 of its levels.

You collected 113 gold pieces.

Inventory:

Hand Weapons
 a - a +1 falchion (weapon)
 i - a +0 great sword
Missiles
 e - 8 poisoned needles
 m - 49 stones (quivered)
Armour
 d - a +0 chain mail (worn)
 l - a +0 hat (worn)
Jewellery
 h - an uncursed ring of ice
Potions
 g - a potion of haste
 j - a potion of mutation {unknown}
 k - a potion of ambrosia {unknown}
 n - a potion of beneficial mutation {unknown}
Comestibles
 b - 2 chunks of flesh
 c - 3 bread rations
 f - 2 meat rations
 o - a slice of pizza


   Skills:
 + Level 4.6 Fighting
 * Level 5.8 Long Blades
 * Level 3.5 Armour
 + Level 1.5 Dodging


You had 4 spell levels left.
You didn't know any spells.

Dungeon Overview and Level Annotations

Branches:
Dungeon (3/15)

Altars:


Message History

Things that are here:
a halberd; a gnoll skeleton The orc wizard casts a spell at you.
The puff of flame hits you! The orc wizard casts a spell at you.
The puff of frost hits you!
The orc shouts!
The orc wizard gestures wildly while chanting.
The orc wizard flickers and vanishes!
Deactivating autopickup; reactivate with Ctrl-A.
The orc priest invokes the aid of Beogh against you.
Beogh smites you!
The orc priest calls down the wrath of Beogh upon you.
Beogh smites you!
* * * LOW HITPOINT WARNING * * *
The orc wizard gestures wildly while chanting.
The orc wizard seems to speed up.
The orc priest invokes the aid of Beogh against you.
Beogh smites you!
You die...

.....######.###..!...#.
....(.......o#.........
............o#...o.....
......................
.....######.#....#+##
.....###....#....#+##
.......#....#...o...#
.......+....#.......#
.......#........@...#
.......#............#
.......#............#
.......#......).....#
.......####.........#
.......####.....#..##
.......#...........#
.......#.........#.#
.......#...#####.# #


You could see an orc priest, an orc wizard and 2 orcs.

Vanquished Creatures
  An orc priest (D:3)
  2 orc wizards (D:3)
  4 gnolls
  4 adders
  3 dart slugs (D:1)
  A leopard gecko (D:1)
  2 orcs (D:3)
  9 bats
  3 giant cockroaches (D:1)
  5 goblins
  5 hobgoblins
  A quokka (D:3)
  3 frilled lizards
  3 kobolds
  7 rats
53 creatures vanquished.

Notes
Turn   | Place    | Note
-------+----------+-------------------------------------------
     0 | D:1      | MirrMurr the Hill Orc Berserker began the quest for the Orb.
     0 | D:1      | Reached XP level 1. HP: 19/19 MP: 1/1
   191 | D:1      | Reached XP level 2. HP: 23/27 MP: 2/2
   370 | D:1      | Reached skill level 4 in Long Blades
   677 | D:1      | Reached XP level 3. HP: 33/33 MP: 3/3
  1157 | D:2      | Reached ** piety under Trog
  1350 | D:2      | Reached XP level 4. HP: 40/40 MP: 4/4
  1714 | D:3      | Reached skill level 5 in Long Blades
  1793 | D:3      | Reached XP level 5. HP: 46/46 MP: 5/5
  2039 | D:3      | Killed from afar by an orc priest

Vault maps used:
D:1:      dpeg_arrival_concentric_ovals

Skill      XL: |  1  2  3  4  5 |
---------------+----------------+-----
Long Blades    | 4 5 |  5.8
Fighting       | 4 |  4.6
Armour         | 3 |  3.5
Dodging        | |  1.5

Action                   |  1- 3 |  4- 6 || total
-------------------------+-------+-------++-------
Melee: Falchion          |   106 |    97 ||   203
Invok: Berserk           |     1 |     2 ||     3
       Trog's Hand       |       |     2 ||     2
       Burn Spellbooks   |       |     1 ||     1
  Use: Scroll            |     5 |     2 ||     7
  Eat: Chunk             |     3 |     5 ||     8
Armor: Chain mail        |    75 |    55 ||   130
Dodge: Dodged            |    51 |    44 ||    95
       Rpst.: Falchion   |    16 |    12 ||    28
